Map: Oxide LE

Players

Pit - Winner!

  • Race: Terran Terran
  • League: Master
  • Spawn Location: 7:00

Freak

  • Race: Protoss Protoss
  • League: Master
  • Spawn Location: 1:00

VOD

Have the link to the VOD?

Description

Time

  • Played on: Jan. 15, 2021, 7:30 p.m.
  • Length: 6:48
Show
View Real Time Build Order
Export as new Build Order

Pit Terran - Winner!

Build Orders:  

Get SALT Encoding   

  12  0:00  SCV  
  13  0:12  SCV  
  14  0:17  Supply Depot  
  14  0:24  SCV  
  15  0:39  SCV  
  15  0:40  Barracks  
  16  0:43  Refinery  
  16  0:51  SCV  
  17  1:03  SCV  
  18  1:15  SCV  
  19  1:27  Orbital Command  
  19  1:28  Marine  
  20  1:39  Command Center  
  20  1:47  Barracks Tech Lab  
  20  1:49  Supply Depot  
  20  1:53  SCV  
  21  2:05  Marauder  
  21  2:07  Concussive Shells  
  23  2:10  SCV  
  23  2:15  Barracks  
  24  2:22  SCV  
  25  2:27  Marauder  
  25  2:29  Barracks  
  27  2:35  SCV  
  28  2:39  Refinery  
  28  2:47  SCV  
  28  2:48  Marauder  
  31  2:52  Orbital Command  
  31  3:06  SCV  
  31  3:09  Barracks Tech Lab  
  31  3:11  Factory  
  32  3:18  SCV  
  33  3:28  Marine, Marauder  
  33  3:30  Barracks Reactor, SCV  
  37  3:37  SCV  
  37  3:43  SCV  
  36  3:49  SCV  
  36  3:52  Marauder x2  
  36  3:55  SCV  
  41  3:56  Factory Reactor  
  41  4:01  SCV  
  40  4:07  SCV  
  40  4:08  Supply Depot  
  40  4:09  Marine x2  
  43  4:10  Refinery, Supply Depot  
  43  4:13  SCV  
  43  4:15  Starport  
  43  4:16  Marine  
  45  4:18  Marine  
  46  4:29  Marine, SCV x2  
  49  4:33  Supply Depot  
  49  4:35  Widow Mine x2  
  49  4:36  Marine x2, Marauder  
  57  4:41  SCV  
  57  4:45  Stimpack, Supply Depot  
  58  4:46  SCV  
  58  4:49  Marine  
  58  4:52  Starport Reactor  
  60  4:53  SCV  
  60  4:54  Marine  
  60  4:57  Engineering Bay  
  62  5:03  Combat Shield  
  62  5:05  Supply Depot  
  62  5:06  SCV x2  
  64  5:08  Marine  
  64  5:11  Marauder  
  67  5:18  SCV  
  66  5:28  SCV  
  67  5:29  Medivac x2  
  67  5:30  Marine x2  
  67  5:33  SCV  
  67  5:34  Marine x2  
  76  5:40  SCV  
  77  5:45  SCV, Supply Depot  
  78  5:52  SCV, Supply Depot  
  78  5:53  Supply Depot  
  78  5:54  Marine, Refinery  
  80  5:57  SCV  
  80  5:58  Marauder  
  80  6:00  Widow Mine  
  84  6:16  Medivac x2  
  84  6:17  Marine x2, Marauder  
  92  6:23  Widow Mine x2  
  92  6:25  SCV x2  
  98  6:29  Marine, Supply Depot  
  98  6:31  Supply Depot  
Show
View Real Time Build Order
Export as new Build Order

Freak Protoss 

Build Orders: 1 Gate Expand, Blink Stalkers 

Get SALT Encoding   

  12  0:00  Probe  
  13  0:12  Probe  
  14  0:18  Pylon  
  14  0:24  Probe (Chrono Boost)  
  15  0:36  Probe (Chrono Boost)  
  15  0:37  Gateway  
  16  0:45  Probe (Chrono Boost), Assimilator  
  17  0:51  Probe  
  18  1:03  Probe  
  19  1:15  Probe  
  20  1:21  Nexus  
  20  1:31  Cybernetics Core  
  20  1:34  Probe  
  21  1:41  Assimilator  
  21  1:46  Probe  
  22  1:51  Pylon  
  22  1:59  Probe, Warp Gate  
  23  2:06  Adept (Chrono Boost)  
  23  2:12  Probe  
  26  2:18  Twilight Council  
  26  2:26  Probe (Chrono Boost)  
  26  2:29  Stalker  
  29  2:33  Probe (Chrono Boost)  
  31  2:42  Probe (Chrono Boost)  
  31  2:43  Probe (Chrono Boost)  
  32  2:49  Probe  
  32  2:50  Probe  
  33  2:53  Gateway  
  34  2:59  Blink  
  34  3:06  Shield Battery  
  34  3:13  Gateway  
  34  3:14  Stalker  
  36  3:22  Probe x2  
  38  3:31  Pylon  
  34  3:51  Stalker  
  34  3:53  Probe x2 (Chrono Boost)  
  36  4:00  Stalker  
  39  4:03  Probe (Chrono Boost)  
  39  4:06  Probe (Chrono Boost)  
  39  4:07  Probe (Chrono Boost)  
  41  4:11  Robotics Facility  
  41  4:12  Nexus  
  41  4:16  Probe  
  42  4:20  Sentry  
  42  4:23  Probe  
  45  4:28  Probe  
  44  4:34  Pylon  
  44  4:35  Probe  
  45  4:41  Pylon, Stalker x2  
  45  4:44  Probe  
  50  4:47  Probe  
  50  4:48  Shield Battery  
  51  4:53  Stalker  
  51  4:56  Probe  
  56  5:00  Probe, Observer (Chrono Boost)  
  56  5:05  Charge  
  56  5:08  Forge  
  56  5:10  Stalker  
  56  5:13  Pylon  
  54  5:26  Observer  
  55  5:31  Probe  
  55  5:32  Probe  
  55  5:34  Assimilator  
  57  5:36  Assimilator  
  57  5:37  Pylon  
  57  5:39  Gateway  
  57  5:43  Gateway  
  57  5:44  Gateway  
  57  5:54  Stalker  
  59  6:12  Stalker x2  
  59  6:15  Probe x2 (Chrono Boost)  
  66  6:20  Probe (Chrono Boost)  
  66  6:33  Stalker  
Tags
 
Composition
Blink Stalkers
Matchup
PvT
Spawn Locations
Cross Positions
Add a new tag
Caveats
  • Supply blocks, unpowered buildings, or Contaminate may cause inaccurate times.
  • Supply counts are checked every 10 seconds.